 Dungeon Crawl Stone Soup version 0.26-a0-540-g8a0c9464d7 (webtiles) character file.

Game seed: 15456437040169408490

15599 HoaS the Brawler (level 12, -1/100 HPs)
             Began as a Troll Gladiator on Aug 22, 2020.
             Was a High Priest of Makhleb.
             Slain by a six-headed hydra (14 damage)
             ... on level 1 of the Lair of Beasts.
             The game lasted 00:27:36 (9124 turns).

HoaS the Brawler (Troll Gladiator)                  Turns: 9124, Time: 00:27:36

Health: -1/100     AC: 13    Str: 25    XL:     12   Next: 2%
Magic:  0/11       EV: 16    Int:  4    God:    Makhleb [*****.]
Gold:   2069       SH:  0    Dex: 15    Spells: 11/11 levels left

rFire    . . .     SeeInvis .   B - +2 quarterstaff
rCold    + . .     Faith    .   (shield currently unavailable)
rNeg     + . .     Spirit   +   z - +2 robe {rC+}
rPois    +         Reflect  .   C - +2 hat
rElec    .         Harm     .   K - +2 cloak {rPois}
rCorr    .                      (gloves unavailable)
MR       +....                  (boots unavailable)
Stlth    +.........             w - amulet of guardian spirit
HPRegen  0.66/turn              i - ring of flight
MPRegen  0.12/turn              E - ring of Xom's Fair Game {rN+ MR+}

@: no status effects
A: large, unfitting armour, claws 3, regeneration 1, shaggy fur 1, tough skin 3
a: Minor Destruction, Lesser Servant of Makhleb, Major Destruction, Greater
Servant of Makhleb, Renounce Religion, Evoke Flight


You were on level 1 of the Lair of Beasts.
You worshipped Makhleb.
Makhleb was extremely pleased with you.
You visited 3 branches of the dungeon, and saw 13 of its levels.

You collected 2069 gold pieces.

Inventory:

Hand Weapons
 B - a +2 quarterstaff (weapon)
Missiles
 a - 35 poisoned darts
 c - 2 throwing nets (quivered)
 q - 18 boomerangs
 t - 6 atropa-tipped darts
 x - 8 large rocks
 L - 6 curare-tipped darts
 M - 7 silver boomerangs
Armour
 z - a +2 robe of cold resistance (worn)
 C - a +2 hat (worn)
 K - a +2 cloak of poison resistance (worn)
Jewellery
 f - an uncursed ring of ice
 i - a ring of flight (left claw)
 r - an uncursed ring of ice
 u - an uncursed ring of fire
 w - an amulet of guardian spirit (around neck)
 E - the ring of Xom's Fair Game (right claw) {rN+ MR+}
   (You acquired it on level 1 of the Lair of Beasts)

   [ring of protection from magic]

   It protects you from negative energy.
   It affects your resistance to hostile enchantments.
Wands
 d - a wand of random effects (13)
 m - a wand of digging (4)
 p - a wand of disintegration (15)
 D - a wand of polymorph (12)
 I - a wand of acid (11)
Scrolls
 b - 2 scrolls of fog
 e - 6 scrolls of teleportation
 l - 3 scrolls of blinking
 n - 8 scrolls of remove curse
 s - a scroll of identify
 y - 2 scrolls of enchant armour
 F - a scroll of magic mapping
 N - a scroll of fear
Potions
 g - a potion of ambrosia
 h - 2 potions of mutation
 j - 4 potions of heal wounds
 k - a potion of might {unknown}
 o - 9 potions of curing
 v - a potion of resistance
 A - a potion of haste
 G - a potion of berserk rage
 H - 2 potions of flight {unknown}
 J - a potion of lignification {unknown}


   Skills:
 - Level 1.5 Fighting
 - Level 1.7 Throwing
 + Level 10.0 Dodging
 * Level 15.5 Unarmed Combat


You had 11 spell levels left.
You didn't know any spells.
Your spell library contained the following spells:

 Spells                   Type           Power        Failure   Level
 Animate Skeleton         Necr           #.....       50%         1
 Apportation              Tloc           #.....       50%         1
 Corona                   Hex            #......      50%         1
 Foxfire                  Conj/Fire      #...         50%         1
 Summon Small Mammal      Summ           #...         50%         1
 Ensorcelled Hibernation  Hex/Ice        #.....       65%         2
 Confusing Touch          Hex            #.......     86%         3
 Conjure Flame            Conj/Fire      #.......     86%         3
 Dazzling Flash           Conj/Hex       #.....       86%         3
 Inner Flame              Hex/Fire       #.......     86%         3
 Tukima's Dance           Hex            #.......     86%         3
 Sticky Flame             Conj/Fire      #.......     99%         4
 Fireball                 Conj/Fire      #.........   100%        5


Dungeon Overview and Level Annotations

Branches:
Dungeon (11/15)            Temple (1/1) D:6            Lair (1/6) D:9
    Orc (0/2) D:9

Altars:
Ashenzari
Cheibriados
Dithmenos
Elyvilon
Fedhas
Gozag
Hepliaklqana
Kikubaaqudgha
Makhleb
Nemelex Xobeh
Okawaru
Qazlal
Ru
Sif Muna
Trog
Uskayaw
Vehumet
Wu Jian
Xom
Yredelemnul
Zin
The Shining One

Shops:
D:7 =   D:11 (

Annotations:
D:8 2 transporters
D:10 1 runed translucent door, kae's ghost, journeyman GrEE


Innate Abilities, Weirdness & Mutations

You are too large for most types of armour.
You have claws for hands.
Your natural rate of healing is unusually fast.
You are covered in fur. (AC +1)
You have extremely tough skin. (AC +3)


Message History

The six-headed hydra closely misses you.
You hit the six-headed hydra.
The six-headed hydra is lightly wounded.
The six-headed hydra bites you.
The six-headed hydra bites you but does no damage. x3
The six-headed hydra bites you! x2
You hit the six-headed hydra.
The six-headed hydra is lightly wounded.
The six-headed hydra bites you!
* * * LOW HITPOINT WARNING * * *
The six-headed hydra barely misses you. The six-headed hydra bites you.
* * * LOW HITPOINT WARNING * * *
The six-headed hydra bites you but does no damage.
The six-headed hydra closely misses you.
The six-headed hydra bites you but does no damage.
The six-headed hydra closely misses you.
The six-headed hydra barely misses you. The six-headed hydra bites you!
* * * LOW HITPOINT WARNING * * *
The six-headed hydra bites you!
You die...

#.#.....≈≈.≈≈....
#........≈≈>≈†...
##.#.....≈≈..≈≈...
..#.(...≈...≈≈...
........≈≈≈..≈≈..
##........≈≈≈)≈... . #
####P.#.......≈≈≈≈...
....#.##P.#P.#........≈.....
.........SD@................
#####.[##.###.#.............
#.. ### ###............. ##S
##..........## #.
##.#..#..### .. #.##....# #.
##.###...# ..
########...####.#
..........## #.#


You could see a six-headed hydra and a water moccasin.

Vanquished Creatures
  Gastronok (D:9)
  A centaur warrior (D:11)
  A two-headed ogre (D:11)
  An unseen horror (D:11)
  Pikel (D:7)
  A cyclops (D:11)
  A troll (D:11)
  2 hornets
  Sigmund (D:5)
  A vampire (D:11)
  A wraith (D:11)
  A wyvern (D:11)
  2 basilisks
  9 yaks
  4 swamp worms (D:11)
  2 water moccasins
  Duvessa (D:7)
  9 orc warriors
  8 ice beasts
  5 sky beasts
  2 black bears (D:7)
  A necrophage (D:9)
  A phantom (D:9)
  9 ogres
  12 centaurs
  2 crocodiles
  11 bullfrogs
  2 big kobolds
  A gnoll sergeant (D:5)
  Dowan (D:7)
  A wyvern skeleton (D:10)
  2 scorpions
  The ghost of Lanoc the Covered, a weakling MiFi of Lugonu (D:4)
  9 wights (D:11)
  10 killer bees (D:8)
  4 electric eels
  A howler monkey (D:8)
  2 bullfrog zombies (D:5)
  3 quasits (D:10)
  3 hounds
  A jelly (D:9)
  11 orc priests
  3 bullfrog skeletons
  13 orc wizards
  Ijyb (D:3)
  An iguana (D:10)
  4 worker ants
  A hound skeleton (D:5)
  4 gnolls (D:5)
  10 adders
  A shadow imp (D:10)
  5 white imps
  An ufetubus (D:9)
  2 adder skeletons
  A worm (D:6)
  3 dart slugs (D:1)
  5 leopard geckos
  45 orcs
  3 giant cockroaches
  2 goblins (D:1)
  11 hobgoblins
  21 jackals
  10 quokkas
  5 bats
  6 frilled lizards
  A giant cockroach zombie (D:5)
  20 kobolds
  A leopard gecko skeleton (D:4)
  4 rats
327 creatures vanquished.

Vanquished Creatures (others)
  2 plants (D:11)
2 creatures vanquished.

Grand Total: 329 creatures vanquished

Notes
Turn   | Place    | Note
-------+----------+-------------------------------------------
     0 | D:1      | HoaS the Troll Gladiator began the quest for the Orb.
     0 | D:1      | Reached XP level 1. HP: 19/19 MP: 0/0
     0 | D:1      | Noticed a gargoyle
     8 | D:1      | Noticed an octopode
    16 | D:1      | Noticed a minotaur skeleton
    20 | D:1      | Noticed a human
    52 | D:1      | Reached XP level 2. HP: 24/27 MP: 1/1
   370 | D:1      | Reached XP level 3. HP: 33/33 MP: 2/2
   536 | D:1      | Reached skill level 4 in Unarmed Combat
   837 | D:2      | Reached XP level 4. HP: 41/41 MP: 3/3
  1152 | D:3      | Noticed Ijyb
  1156 | D:3      | Killed Ijyb
  1220 | D:3      | Reached skill level 5 in Unarmed Combat
  1220 | D:3      | Reached XP level 5. HP: 28/48 MP: 4/4
  1534 | D:3      | Found a shimmering blue altar of Sif Muna.
  1534 | D:3      | Found a sparkling altar of Nemelex Xobeh.
  1541 | D:3      | Found a shattered altar of Ashenzari.
  1543 | D:3      | Found a basalt altar of Yredelemnul.
  1545 | D:3      | Found a shimmering altar of Xom.
  1722 | D:4      | Found a hazy altar of Hepliaklqana.
  1823 | D:4      | Found a runed translucent door.
  1825 | D:4      | Noticed Lanoc's ghost (weakling MiFi)
  1880 | D:4      | Reached XP level 6. HP: 29/55 MP: 5/5
  2096 | D:4      | Reached skill level 6 in Unarmed Combat
  2405 | D:4      | Killed Lanoc's ghost
  2467 | D:5      | Entered Level 5 of the Dungeon
  2477 | D:5      | Noticed an ice beast
  2491 | D:5      | Reached skill level 7 in Unarmed Combat
  2491 | D:5      | Reached XP level 7. HP: 19/62 MP: 6/6
  2734 | D:5      | Found a bloodstained altar of Trog.
  2915 | D:5      | Found a blossoming altar of Fedhas.
  2923 | D:5      | Reached skill level 8 in Unarmed Combat
  2932 | D:5      | Noticed Sigmund
  2937 | D:5      | Killed Sigmund
  2937 | D:5      | Reached skill level 5 in Dodging
  2937 | D:5      | Reached XP level 8. HP: 68/70 MP: 7/7
  3316 | D:6      | Reached skill level 9 in Unarmed Combat
  3714 | D:6      | Found a staircase to the Ecumenical Temple.
  3871 | Temple   | Entered the Ecumenical Temple
  3920 | Temple   | Became a worshipper of Makhleb the Destroyer
  4040 | D:7      | Reached skill level 10 in Unarmed Combat
  4115 | D:7      | Reached XP level 9. HP: 55/76 MP: 4/8
  4258 | D:7      | Paralysed by a hornet for 2 turns
  4261 | D:7      | Noticed Dowan
  4400 | D:7      | Noticed Duvessa
  4404 | D:7      | Killed Duvessa
  4410 | D:7      | Killed Dowan
  4514 | D:7      | Found Wuckeipn's Jewellery Boutique.
  4523 | D:7      | Noticed Pikel
  4535 | D:7      | Killed Pikel
  4535 | D:7      | Reached skill level 11 in Unarmed Combat
  5027 | D:8      | Reached * piety under Makhleb
  5057 | D:8      | Noticed a kobold demonologist
  5060 | D:8      | Found a transporter.
  5105 | D:8      | Found a transporter.
  5155 | D:8      | Reached XP level 10. HP: 66/85 MP: 6/9
  5171 | D:8      | Reached skill level 12 in Unarmed Combat
  5627 | D:9      | Reached ** piety under Makhleb
  5693 | D:9      | Noticed Gastronok
  5908 | D:9      | Killed Gastronok
  5908 | D:9      | Reached skill level 13 in Unarmed Combat
  6150 | D:9      | Found a staircase to the Lair.
  6249 | D:9      | Reached XP level 11. HP: 91/91 MP: 8/10
  6376 | D:9      | Reached *** piety under Makhleb
  6469 | D:10     | Entered Level 10 of the Dungeon
  6506 | D:10     | Found a runed translucent door.
  6662 | D:10     | Identified 2 scrolls of acquirement
  6662 | D:10     | Acquired a +2 cloak of poison resistance
  6669 | D:10     | Acquired 1260 gold pieces
  7063 | D:10     | Noticed kae's ghost (journeyman GrEE)
  7098 | D:10     | Reached skill level 14 in Unarmed Combat
  7690 | D:9      | Found a staircase to the Orcish Mines.
  7705 | D:9      | Reached **** piety under Makhleb
  7854 | D:11     | Found a shimmering altar of Xom.
  7939 | D:11     | Killed an unseen horror
  7963 | D:11     | Found Hicisitita's Weapon Shoppe.
  8034 | D:11     | Noticed a two-headed ogre
  8048 | D:11     | Killed a two-headed ogre
  8254 | D:11     | Noticed a centaur warrior
  8284 | D:11     | Killed a centaur warrior
  8284 | D:11     | Reached skill level 15 in Unarmed Combat
  8406 | D:11     | Reached ***** piety under Makhleb
  8880 | Lair:1   | Entered Level 1 of the Lair of Beasts
  8881 | Lair:1   | Acquired the ring of Xom's Fair Game {rN+ MR+}
  8983 | Lair:1   | Reached XP level 12. HP: 70/100 MP: 8/11
  8998 | Lair:1   | Reached skill level 10 in Dodging
  9112 | Lair:1   | Noticed a six-headed hydra
  9124 | Lair:1   | Slain by a six-headed hydra

Illustrated notes

Levels and vault maps discovered:
D:1:      shiori_arrival_whats_in_store_for_you, layout_basic,
          minmay_misc_feat_secret_circle
D:2:      layout_rooms, st_stairs_12
D:3:      layout_loops_ring, chequers_temple_overflow_minitemple, uniq_ijyb
D:4:      layout_loops_ring, lemuel_round_altar, gammafunk_ghost_grave
D:5:      layout_basic, kennysheep_little_box, chequers_garden,
          grunt_decor_one_mirror, fedhas_altar_1, uniq_sigmund
D:6:      layout_loops_cross, temple_hall
D:7:      layout_loops_ring, serial_shops, shop, uniq_pikel, uniq_duvessa
D:8:      gammafunk_wand_slinger, layout_loops_ring
D:9:      layout_roguey, lair_entry_dummy, erik_orc_2, uniq_gastronok
D:10:     layout_layer_cave, hellmonk_ghost_happy_afterlife, eino_tiny_chamber
D:11:     layout_loops_corners, basic_altar, serial_shops, shop,
          grunt_ministairs_8, hangedman_decor_lopped, worms_lemuel
Temple:   eino_wide_crystal_templ
Lair:1:   layout_small_grid, disabler_island

Skill      XL: |  1  2  3  4  5  6  7  8  9 10 11 12 |
---------------+-------------------------------------+-----
Unarmed Combat | 4 5 7 8 10 11 13 15 | 15.5
Dodging        | 3 4 5 6 7 8 9 10 | 10.0
Fighting       | |  1.5
Throwing       | |  1.7

Action                   |  1- 3 |  4- 6 |  7- 9 | 10-12 || total
-------------------------+-------+-------+-------+-------++-------
Melee: Unarmed           |   112 |   121 |   260 |   495 ||   988
       Punch             |     2 |     2 |    18 |    43 ||    65
       Quarterstaff      |       |       |       |     4 ||     4
Throw: Throwing net      |       |     2 |     1 |     3 ||     6
       Boomerang         |       |       |       |    13 ||    13
Evoke: Wand              |       |       |       |     2 ||     2
  Use: Scroll            |     9 |     8 |     6 |     9 ||    32
       Potion            |       |       |       |     2 ||     2
 Stab: Sleeping          |     2 |     1 |     2 |     1 ||     6
       Held in net/web   |       |     1 |       |     2 ||     3
       Distracted        |       |       |     1 |       ||     1
Armor: Robe              |    53 |    33 |    81 |   172 ||   339
Dodge: Dodged            |    58 |    62 |   142 |   338 ||   600

Table legend: (Time is in decaauts)
 A = Elapsed time spent in this place.
 B = Non-inter-level travel time spent in this place.
 C = Inter-level travel time spent in this place.
 D = Time resting spent in this place.
 E = Time spent auto-exploring this place.
 F = Levels seen in this place.
 G = Mean time per level.
                   A        B        C        D        E       F      G
               +--------+--------+--------+--------+--------+-----+--------+
         Total |   8950 |   8556 |    394 |    684 |   5709 |  13 |  688.5 |
       Dungeon |   8651 |   8277 |    374 |    684 |   5487 |  11 |  786.5 |
        Temple |     61 |     42 |     19 |      0 |     38 |   1 |   61.0 |
          Lair |    237 |    237 |      0 |      0 |    184 |   1 |  237.0 |
               +--------+--------+--------+--------+--------+-----+--------+

Top non-repeatable levels by time:
    D:10: 1119 daAuts
    D:11: 1012 daAuts
     D:9: 949 daAuts
     D:8: 943 daAuts
     D:6: 885 daAuts
     D:4: 816 daAuts
     D:1: 714 daAuts
     D:5: 686 daAuts
     D:7: 609 daAuts
     D:3: 564 daAuts
     D:2: 348 daAuts
  Lair:1: 237 daAuts
  Temple: 61 daAuts
